 Dungeon Crawl Stone Soup version 0.31-a0-1469-gd420192249 (webtiles) character file.

Game seed: 4793964035544460113

3 Aldia the Grave Robber (level 1, 0/13 HPs)
             Began as a Mummy Necromancer on Dec 28, 2023.
             Slain by a goblin
             ... wielding a +2 dagger of draining
              (3 damage)
             ... on level 1 of the Dungeon.
             The game lasted 00:01:09 (40 turns).

Aldia the Grave Robber (Mummy Necromancer)            Turns: 40, Time: 00:01:10

Health: 0/13       AC:  2    Str: 11    XL:     1   Next: 41%
Magic:  0/4        EV: 12    Int: 14    God:
Gold:   0          SH:  0    Dex: 12    Spells: 4/5 levels left

rFire   x . .        b - +0 whip
rCold   + . .        (no shield)
rNeg    + + +        a - +0 robe
rPois   ∞            (no helmet)
rElec   .            (no cloak)
rCorr   .            (no gloves)
SInv    .            (no boots)
Will    .....        (no amulet)
Stlth   ++           (no ring)
HPRegen 0.22/turn    (no ring)
MPRegen 0.09/turn

%: faith
@: no status effects
A: cold resistance 1, negative energy resistance 3, torment resistance 2, heat
vulnerability 1, in touch with death 1, no potions, faith
a: no special abilities


You were on level 1 of the Dungeon.
You visited 1 branch of the dungeon, and saw 1 of its levels.

Inventory:

Hand Weapons
 b - a +0 whip (weapon)
Armour
 a - a +0 robe (worn)


   Skills:
 + Level 0.2 Fighting
 + Level 1.6 Dodging
 - Level 1.5 Stealth
 + Level 2.7 Spellcasting
 * Level 4.0 Necromancy


You had 4 spell levels left.
You knew the following spells:

 Your Spells              Type           Power      Damage    Failure   Level
a - Necrotise             Necr           80%        1d8       4%          1

Your spell library contained the following spells:

 Spells                   Type           Power      Damage    Failure   Level
 Vampiric Draining        Necr           20%        2d7       12%         3
 Animate Dead             Necr           20%        N/A       38%         4
 Curse of Agony           Necr           20%        N/A       75%         5


Dungeon Overview and Level Annotations

Branches:
Dungeon (1/15)

Altars:


Innate Abilities, Weirdness & Mutations

You are immune to poison.
Your flesh is cold resistant. (rC+)
You are immune to negative energy. (rN+++)
You are immune to unholy pain and torment.
You are vulnerable to heat. (rF-)
You are in touch with the powers of death.
You do not drink.
You have a special connection with the divine. (Faith)


Message History

You kill the rat!
The dead are walking!
A goblin comes into view. It is wielding a +2 dagger of draining.
The bat hits you but does no damage.
Your rat skeleton bites the bat.
The bat hits you but does no damage. The goblin closely misses you.
The bat closely misses you.
You miss the bat.
The bat is severely wounded.
The bat hits you but does no damage.
The goblin hits you with a +2 dagger of draining.
Your rat skeleton misses the bat.
You hit the goblin but do no damage. The bat hits you.
The goblin hits you with a +2 dagger of draining.
Your rat skeleton closely misses the bat.
What are your orders? t - Shout!
Orders for allies: a - Attack new target. r - Retreat! s - Stop attacking. g - Guard the area. f - Follow me.
Anything else - Cancel.
Gang up on whom?
Press: ? - help, Dir - move target, f - goblin
Aim: a goblin, wielding a +2 dagger of draining Attack!
The bat hits your rat skeleton. The goblin closely misses you.
You closely miss the goblin. The bat hits your rat skeleton.
The goblin hits you but does no damage.
Your rat skeleton closely misses the bat.
The bat hits your rat skeleton.
You feel a surge of power!
The goblin writhes in agony.
The bat hits your rat skeleton.
The goblin hits you with a +2 dagger of draining.
Your rat skeleton bites the goblin.
You miss the goblin.
The goblin is severely wounded.
The bat hits your rat skeleton.
The goblin hits you with a +2 dagger of draining.
* * * LOW HITPOINT WARNING * * *
Your rat skeleton barely misses the goblin.
The goblin hits you with a +2 dagger of draining.
You die...

..........#####
..............#
..$...........#
............#
...........#
#.........#
#...ZZ..(.#
##..@gb....#
#.........##
#.#(#>#.#.#
#.#.### # #
#....# . #...##
#.#.### #.#.##
#...>##


You could see a goblin (ally target), a bat (ally target) and 2 friendly rat
skeletons.

Vanquished Creatures
  A kobold (D:1)
  3 rats (D:1)
4 creatures vanquished.

Notes
Turn   | Place    | Note
-------+----------+-------------------------------------------
     0 | D:1      | Aldia the Mummy Necromancer began the quest for the Orb.
     0 | D:1      | Reached XP level 1. HP: 13/13 MP: 4/4
    40 | D:1      | Slain by a goblin

Illustrated notes

Levels and vault maps discovered:
D:1:      onia_arrival_handbag, layout_basic, serial_shops,
          nicolae_diamond_shop, nicolae_diamond_shop, shop, shop,
          minmay_misc_feat_tower

Action                     || total
---------------------------++-------
  Melee: Whip              ||     4
   Cast: Necrotise         ||     6
 Armour: Robe              ||    12
  Dodge: Dodged            ||     3

Table legend: (Time is in decaauts)
 A = Elapsed time spent in this place.
 B = Non-inter-level travel time spent in this place.
 C = Inter-level travel time spent in this place.
 D = Time resting spent in this place.
 E = Time spent auto-exploring this place.
 F = Levels seen in this place.
 G = Mean time per level.
                   A        B        C        D        E       F      G
               +--------+--------+--------+--------+--------+-----+--------+
         Total |     39 |     39 |      0 |      0 |      5 |   1 |   39.0 |
       Dungeon |     39 |     39 |      0 |      0 |      5 |   1 |   39.0 |
               +--------+--------+--------+--------+--------+-----+--------+

Top non-repeatable levels by time:
     D:1: 39 daAuts
